Map: World of Sleepers LE

Players

jhosbel

  • Race: Terran Terran
  • League: Silver
  • Spawn Location: 1:00

Ratl - Winner!

  • Race: Protoss Protoss
  • League: Silver
  • Spawn Location: 7:00

VOD

Have the link to the VOD?

Description

Time

  • Played on: Feb. 3, 2020, 8:28 p.m.
  • Length: 14:24
Show
View Real Time Build Order
Export as new Build Order

jhosbel Terran 

Build Orders:  

Get SALT Encoding   

  12  0:05  SCV  
  13  0:29  SCV  
  13  0:30  Supply Depot  
  15  0:57  SCV  
  16  1:11  SCV  
  16  1:12  Barracks  
  16  1:20  Command Center  
  16  1:23  SCV  
  17  1:35  SCV  
  18  1:58  SCV  
  19  2:03  Refinery  
  19  2:06  Marine  
  20  2:10  SCV  
  21  2:24  Marine, SCV  
  23  2:42  Marine  
  23  2:44  Refinery  
  24  2:53  Orbital Command  
  24  2:54  Barracks  
  24  2:59  Marine  
  24  3:01  SCV  
  26  3:13  SCV  
  26  3:17  Marine  
  28  3:25  SCV  
  29  3:38  SCV  
  30  3:41  Barracks Tech Lab  
  30  3:43  Barracks Reactor  
  30  3:49  Supply Depot  
  30  3:50  SCV  
  30  3:51  SCV  
  32  4:03  SCV x2  
  34  4:12  Supply Depot  
  34  4:16  SCV  
  34  4:28  Marine x3  
  37  4:35  Combat Shield  
  37  4:36  Supply Depot  
  37  4:43  Factory  
  37  4:45  SCV  
  38  4:46  Marine x3  
  41  4:57  SCV  
  41  4:59  Supply Depot  
  42  5:03  Marine  
  42  5:04  Marine x2  
  42  5:05  Engineering Bay  
  45  5:09  SCV  
  45  5:11  Engineering Bay  
  46  5:21  SCV, Marine x2  
  47  5:22  Marine  
  50  5:33  SCV  
  51  5:39  Marine x3  
  54  5:45  SCV  
  55  5:51  Starport  
  55  5:53  Starport  
  55  5:57  Marine x3, SCV  
  55  5:59  Stimpack  
  55  6:02  Terran Infantry Weapons Level 1  
  55  6:03  Terran Infantry Armor Level 1  
  59  6:09  SCV  
  60  6:15  Marine x3  
  60  6:16  Armory  
  63  6:29  Factory Reactor  
  63  6:31  Factory Tech Lab  
  63  6:33  Marine x3, Starport Tech Lab  
  66  6:49  SCV  
  66  6:51  Marine  
  66  6:53  Marine  
  66  6:54  Marine  
  70  7:06  Missile Turret  
  70  7:10  Missile Turret  
  70  7:25  Supply Depot  
  70  7:28  Missile Turret  
  70  7:32  Missile Turret  
  70  7:46  Marine x3, Medivac  
  70  7:47  Medivac, Corvid Reactor  
  70  7:48  Supply Depot  
  77  7:51  Missile Turret  
  77  7:53  Missile Turret  
  77  8:04  Marine  
  78  8:09  Marine x2  
  78  8:11  Supply Depot  
  80  8:16  Medivac x2  
  84  8:22  Marine  
  85  8:27  Marine, Refinery  
  85  8:29  Refinery  
  85  8:32  Marine  
  87  8:35  Supply Depot  
  87  8:40  Marine  
  88  8:45  Marine  
  89  8:49  Medivac x2  
  89  8:50  Marine  
  94  8:57  Missile Turret  
  94  8:58  Marine  
  95  9:02  Marine  
  95  9:08  Marine  
  97  9:15  Marine  
  98  9:19  Missile Turret, Medivac x2  
  98  9:22  Command Center  
  102  9:35  Marine  
  102  9:36  Marine  
  102  9:42  Missile Turret  
  102  9:46  Marine  
  85  9:53  Marine  
  85  9:54  Marine  
  68  10:03  Missile Turret, Banshee  
  68  10:05  Starport Tech Lab  
  68  10:06  Marine  
  72  10:11  Marine  
  72  10:12  Marine  
  74  10:24  Marine  
  74  10:25  Terran Infantry Armor Level 2  
  74  10:27  Supply Depot, Terran Infantry Weapons Level 2  
  75  10:29  Marine x2  
  77  10:40  SCV  
  77  10:42  Marine  
  79  10:45  Banshee  
  79  10:47  Marine x2  
  79  10:49  Supply Depot  
  84  10:53  SCV  
  84  10:56  Cloaking Field  
  85  11:00  Marine  
  86  11:04  Marine  
  86  11:05  SCV, Marine, Hyperflight Rotors  
  89  11:12  Supply Depot  
  89  11:17  SCV, Marine  
  91  11:22  Marine  
  91  11:23  Marine  
  93  11:29  SCV  
  94  11:36  Supply Depot  
  94  11:40  Marine  
  94  11:41  Marine  
  94  11:42  Marine  
  97  11:50  Barracks  
  97  11:58  Marine  
  97  11:59  Marine x2  
  100  12:15  Banshee x2  
  106  12:16  Marine  
  106  12:17  Marine x2  
  109  12:33  Marine  
  109  12:35  Marine x2  
  112  12:41  Neosteel Armor  
  112  12:51  Marine  
  112  12:57  Banshee  
  112  12:58  Banshee  
  83  13:21  Marine x3  
  83  13:22  Marine  
  84  13:39  Marine x4  
  84  13:40  Banshee x2  
  67  13:57  Marine x4  
  71  14:03  Supply Depot  
Show
View Real Time Build Order
Export as new Build Order

Ratl Protoss - Winner!

Build Orders:  

Get SALT Encoding   

  12  0:00  Probe  
  13  0:13  Probe  
  14  0:20  Pylon  
  14  0:25  Probe  
  15  0:38  Probe  
  15  0:41  Gateway  
  16  0:50  Probe  
  16  0:53  Assimilator  
  17  1:02  Probe  
  18  1:14  Probe (Chrono Boost)  
  18  1:18  Gateway  
  20  1:26  Probe (Chrono Boost)  
  20  1:31  Cybernetics Core  
  20  1:32  Probe (Chrono Boost)  
  20  1:35  Pylon  
  21  1:40  Probe  
  21  1:42  Assimilator  
  22  1:53  Probe  
  22  2:05  Probe  
  23  2:12  Robotics Facility  
  23  2:13  Warp Gate (Chrono Boost)  
  23  2:17  Probe  
  24  2:23  Stalker  
  26  2:31  Stalker  
  26  2:34  Probe  
  29  2:46  Probe  
  30  2:58  Probe  
  31  2:59  Nexus  
  31  3:23  Pylon  
  31  3:35  Pylon  
  31  3:38  Pylon  
  31  3:41  Probe, Observer, Stalker x2  
  37  3:53  Probe  
  39  4:03  Observer  
  39  4:05  Probe, Forge  
  39  4:08  Gateway  
  40  4:12  Robotics Bay  
  40  4:14  Probe  
  41  4:17  Probe  
  42  4:26  Probe  
  42  4:29  Probe  
  44  4:38  Probe  
  45  4:41  Probe  
  46  4:47  Zealot x2  
  46  4:50  Protoss Ground Weapons Level 1 (Chrono Boost)  
  50  4:53  Immortal  
  54  5:07  Probe x2  
  54  5:10  Forge  
  56  5:14  Gateway  
  56  5:18  Forge  
  56  5:19  Probe  
  56  5:20  Probe  
  56  5:21  Forge  
  58  5:28  Gateway  
  58  5:29  Gateway  
  58  5:33  Probe x2  
  60  5:43  Immortal, Assimilator  
  60  5:45  Probe, Assimilator  
  60  5:46  Probe  
  66  6:02  Protoss Ground Armor Level 1 (Chrono Boost)  
  66  6:10  Protoss Shields Level 1 (Chrono Boost)  
  66  6:19  Probe  
  66  6:20  Probe  
  68  6:31  Probe  
  68  6:32  Probe  
  70  6:40  Nexus  
  70  6:50  Pylon  
  70  6:51  Pylon  
  70  6:56  Pylon  
  70  6:57  Photon Cannon  
  70  6:59  Pylon  
  70  7:02  Photon Cannon  
  70  7:08  Probe x2, Immortal  
  76  7:10  Photon Cannon  
  76  7:14  Photon Cannon  
  76  7:21  Pylon  
  76  7:25  Probe  
  76  7:26  Probe  
  78  7:35  Stalker x4  
  78  7:36  Stalker  
  88  7:38  Probe x2  
  90  7:50  Probe  
  91  7:54  Colossus  
  91  7:56  Twilight Council  
  97  8:16  Assimilator  
  97  8:17  Assimilator  
  97  8:20  Stalker x2  
  97  8:21  Zealot x3  
  107  8:30  Probe x3  
  110  8:38  Immortal  
  110  8:42  Probe x3  
  110  8:47  Pylon  
  117  8:48  Protoss Ground Armor Level 2 (Chrono Boost)  
  117  8:50  Pylon  
  117  8:54  Pylon  
  117  8:58  Protoss Ground Weapons Level 2 (Chrono Boost)  
  117  9:16  Charge  
  117  9:17  Immortal, Templar Archives  
  117  9:22  Stargate  
  117  9:24  Stargate  
  121  9:34  Protoss Air Weapons Level 1 (Chrono Boost)  
  121  9:41  Stalker  
  121  9:42  Photon Cannon, Stalker  
  121  9:45  Photon Cannon  
  105  9:56  Immortal  
  103  10:10  Shield Battery  
  103  10:13  Shield Battery  
  103  10:16  Shield Battery  
  103  10:25  Zealot x2  
  103  10:26  Pylon, Zealot x4  
  115  10:36  Immortal  
  119  10:54  Gateway  
  119  10:57  Gateway  
  119  10:58  Gateway  
  119  11:09  Stalker  
  119  11:10  Stalker x3  
  119  11:11  Nexus, Zealot x2  
  131  11:12  Pylon  
  131  11:14  Colossus  
  131  11:15  Pylon  
  131  11:16  Protoss Shields Level 2  
  131  11:17  Protoss Ground Armor Level 3  
  137  11:39  Protoss Air Armor Level 1  
  137  11:43  Fleet Beacon  
  137  11:48  Robotics Facility x2  
  137  11:49  Void Ray x2  
  137  11:54  Pylon  
  145  12:00  High Templar x4  
  153  12:03  High Templar  
  153  12:07  Archon  
  155  12:12  Archon  
  155  12:15  Zealot x2  
  155  12:16  Zealot x2  
  163  13:01  High Templar x5  
  163  13:02  High Templar  
  163  13:05  Archon x2  
  165  13:06  Archon  
  163  13:16  Zealot x3  
  159  13:43  Immortal  
  167  14:09  Zealot  
  168  14:10  Zealot x6  
  168  14:11  Zealot x2  
Tags
 
Add a new tag
Caveats
  • Supply blocks, unpowered buildings, or Contaminate may cause inaccurate times.
  • Supply counts are checked every 10 seconds.